 Dungeon Crawl Stone Soup version 0.31-a0-214-gb37851dbb3 (webtiles) character file.

Game seed: 6379288968267326968

41372 qw the Warrior (level 13, 0/126 HPs)
             Began as a Minotaur Hexslinger on July 1, 2023.
             Was an Elder of Okawaru.
             Succumbed to a swamp dragon's poison gas
             ... on level 5 of the Lair of Beasts.
             The game lasted 00:07:43 (15116 turns).

qw the Warrior (Minotaur Hexslinger)               Turns: 15116, Time: 00:07:43

Health: 0/126      AC: 14    Str: 16    XL:     13   Next: 79%
Magic:  19/19      EV: 25    Int:  8    God:    Okawaru [****..]
Gold:   1027       SH:  0    Dex: 21    Spells: 13/14 levels left

rFire   . . .        Y - +2 shortbow (elec)
rCold   . . .        (shield currently unavailable)
rNeg    + . .        n - +1 steam dragon scales
rPois   .            (helmet restricted)
rElec   .            k - +0 cloak
rCorr   .            a - +0 pair of gloves
SInv    .            b - +0 pair of boots
Will    .....        (no amulet)
Stlth   +++          d - ring of positive energy
HPRegen 0.41/turn    (no ring)
MPRegen 0.16/turn

%: no passive effects
@: lethally poisoned (0 -> -52), about to teleport, heroic
A: horns 2, retaliatory headbutt, talons 1, agile 1, strong 1
a: Renounce Religion, Heroism, Finesse


You were on level 5 of the Lair of Beasts.
You worshipped Okawaru.
Okawaru was greatly pleased with you.
You visited 3 branches of the dungeon, and saw 15 of its levels.

You collected 1027 gold pieces.


Innate Abilities, Weirdness & Mutations

You have a pair of horns on your head.
You reflexively headbutt those who attack you in melee.
You have sharp toenails.
You are agile. (Dex +4, Str/Int -1)
Your muscles are strong. (Str +4, Int/Dex -1)


   Skills:
 - Level 15.0(20.0) Fighting
 - Level 14.0(19.0) Ranged Weapons
 - Level 9.0(14.0) Armour
 + Level 12.0(17.0) Dodging
 - Level 1.0 Spellcasting
 - Level 2.0 Hexes
 - Level 10.0 Invocations


You had 13 spell levels left.
You knew the following spells:

 Your Spells              Type           Power      Damage    Failure   Level
a - Slow                  Hex            12%        N/A       17%         1

Your spell library contained the following spells:

 Spells                   Type           Power      Damage    Failure   Level
 Inner Flame              Hex/Fire       2%         N/A       61%         3
 Portal Projectile        Hex/Tloc       4%         N/A       61%         3
 Cause Fear               Hex            1%         N/A       86%         4

Inventory:

Hand Weapons
 Y - a +2 shortbow of electrocution (weapon)
Armour
 a - a +0 pair of gloves (worn)
 b - a +0 pair of boots (worn)
 k - a +0 cloak (worn)
 n - +1 steam dragon scales (worn)
Jewellery
 d - a ring of positive energy (left hand)
 m - the amulet of Moodiness {Spirit rCorr}
   (You found it on level 5 of the Lair of Beasts)

   [amulet of guardian spirit]

   It causes incoming damage to be divided between your reserves of health and
   magic.
   rCorr:     It protects you from acid and corrosion.
 p - a ring of ice
Scrolls
 c - 2 scrolls of teleportation
 f - 9 scrolls of identify
Potions
 e - 6 potions of curing
 g - 2 potions of magic
 h - 2 potions of might
 i - 2 potions of enlightenment
 j - 3 potions of haste
 l - 2 potions of mutation

Dungeon Overview and Level Annotations

Branches:
Dungeon (9/15)             Temple (1/1) D:5            Lair (5/5) D:9
 Shoals (0/4) Lair:3       Spider (0/4) Lair:2        Slime (0/5) Lair:5
    Orc: D:9-12

Altars:
Ashenzari
Cheibriados
Dithmenos
Elyvilon
Fedhas
Gozag
Hepliaklqana
Kikubaaqudgha
Makhleb
Nemelex Xobeh
Okawaru
Qazlal
Ru
Sif Muna
Trog
Uskayaw
Vehumet
Wu Jian
Xom
Yredelemnul
Zin
The Shining One
Jiyva

Annotations:
D:9 1 runed translucent door, qw's ghost, novice GrHs
Lair:5 1 runed translucent door


Message History

The swamp drake breathes poison at you. The noxious blast misses you.
You shoot an arrow. The arrow hits the water moccasin!!
You kill the water moccasin!
Okawaru accepts your kill.
You are engulfed in poison gas.
You are more poisoned.
You feel very sick. The swamp drake bites you! The swamp dragon bites you.
The swamp dragon barely misses you. The swamp dragon closely misses you.
You shoot an arrow.
The arrow closely misses the swamp drake.
You are engulfed in poison gas.
You are more poisoned.
You feel very sick.
You shoot an arrow. The arrow hits the swamp drake.
The swamp drake is heavily wounded.
You are engulfed in poison gas.
You are lethally poisoned!
You feel extremely sick. The swamp drake misses you.
The swamp dragon misses you. The swamp dragon barely misses you.
The swamp dragon tramples you but does no damage.
You shoot an arrow. The arrow hits the swamp drake.
The swamp drake is heavily wounded.
You are engulfed in poison gas.
You are more poisoned.
You feel extremely sick.
The swamp drake bites you but does no damage.
The swamp dragon completely misses you. The swamp dragon misses you.
The swamp dragon tramples you but does no damage.
15115 ||| READING 3 scrolls of teleportation.
As you read the scroll of teleportation, it crumbles to dust.
You feel strangely unstable.
You are engulfed in poison gas.
You are more poisoned.
You feel extremely sick. The swamp drake bites you.
The swamp dragon completely misses you. The swamp dragon misses you.
The swamp dragon barely misses you.
You shoot an arrow. The arrow hits the swamp drake!!
You kill the swamp drake!
Okawaru accepts your kill.
You die...

7..~~~.?~7.777..77###.#######.
7.P~~777..~....7.7 ### ##
...~.7 77.~~..)777 ~~~~7
77..~~~.~77 ~~~7 777~.7~.~77
~~7 $ 7777.7~~..7 ~~
.$7.77777~~.7 ~...~.7070~~7
~~~.~0.@.~~P7 ~~~.~~D0~...7
~~~~~~~~~...7 .~~~~~~....77
7.~.~~...777


7777777777 You could see a swamp dragon.

Vanquished Creatures
  A fire dragon (Lair:5)
  3 hydras
  Harold (Lair:1)
  A catoblepas (Lair:4)
  A boulder beetle (Lair:5)
  2 two-headed ogres (D:9)
  Sonja (Lair:4)
  2 skysharks
  Pikel (D:5)
  13 elephants
  A merfolk siren (Lair:3)
  3 black mambas (Lair:5)
  11 cane toads
  3 rime drakes
  10 komodo dragons
  4 hornets
  3 polar bears
  7 dream sheep (Lair:3)
  9 blink frogs
  12 wyverns
  22 yaks
  2 basilisks
  3 steam dragons
  4 redbacks
  Menkaure (D:6)
  2 acid dragons (Lair:5)
  27 water moccasins
  An orc warrior (D:8)
  3 sky beasts
  2 swamp drakes (Lair:5)
  5 ice beasts
  2 ogres
  3 black bears
  3 centaurs
  34 wolves
  6 phantoms
  4 kobold brigands
  A gnoll sergeant (D:8)
  4 scorpions
  12 bullfrogs
  4 wights
  9 howler monkeys
  5 electric eels
  3 hounds
  8 jellies
  3 gnoll boudas (D:8)
  7 orc priests
  A sleepcap (D:4)
  9 iguanas
  8 orc wizards
  6 hell rats (Lair:3)
  10 adders
  10 gnolls (D:8)
  A shadow imp (D:8)
  2 worms
  2 dart slugs (D:1)
  35 orcs
  5 bats
  10 endoplasms
  6 giant cockroaches
  7 goblins
  5 hobgoblins
  2 jackals (D:2)
  8 quokkas
  5 ball pythons
  A frilled lizard (D:3)
  A goblin skeleton (D:8)
  4 hobgoblin zombies (D:8)
  26 kobolds
  2 kobold zombies (D:8)
  An orc skeleton (D:8)
  2 orc zombies (D:8)
  7 rats
445 creatures vanquished.

Vanquished Creatures (others)
  A bullfrog (D:8)
1 creature vanquished.

Grand Total: 446 creatures vanquished

Notes
Turn   | Place    | Note
-------+----------+-------------------------------------------
     0 | D:1      | qw the Minotaur Hexslinger began the quest for the Orb.
     0 | D:1      | Reached XP level 1. HP: 16/16 MP: 1/1
     0 | D:1      | 0 ||| qw: Version: 0.3-a-32-g5962c71
     0 | D:1      | 0 ||| qw: Game counter: 7505
     0 | D:1      | 0 ||| qw: Melee chars always use a shield: true
     0 | D:1      | 0 ||| qw: God list: Okawaru
     0 | D:1      | 0 ||| qw: Allow faded altars: false
     0 | D:1      | 0 ||| qw: Do Orc after clearing Dungeon:15 true
     0 | D:1      | 0 ||| qw: Do second Lair branch before Depths: true
     0 | D:1      | 0 ||| qw: Lair rune preference: random
     0 | D:1      | 0 ||| qw: Goals: Normal
     0 | D:1      | 0 ||| PLANNING D:1-11
     5 | D:1      | 5 ||| FLEEEEING.
    57 | D:1      | Reached skill level 3 in Ranged Weapons
   101 | D:1      | Reached XP level 2. HP: 23/23 MP: 2/2
   408 | D:1      | Reached skill level 2 in Fighting
   751 | D:1      | 751 ||| UPGRADING to +0 ring mail.
   761 | D:1      | 761 ||| DROPPING +0 robe.
   762 | D:1      | 762 ||| READING scroll labelled MUIDALO EBLI.
   766 | D:1      | 766 ||| READING 2 scrolls labelled GAHILI SOESMO.
   767 | D:1      | 767 ||| DROPPING scroll of poison.
   795 | D:2      | Reached XP level 3. HP: 11/29 MP: 3/3
   799 | D:2      | 799 ||| FLEEEEING.
   800 | D:2      | 800 ||| FLEEEEING.
   801 | D:2      | 801 ||| FLEEEEING.
   802 | D:2      | 802 ||| FLEEEEING.
   803 | D:2      | 803 ||| FLEEEEING.
   804 | D:2      | 804 ||| FLEEEEING.
   805 | D:2      | 805 ||| STAIRDANCE
  1014 | D:2      | Reached skill level 1 in Armour
  1167 | D:2      | Found a faded altar of an unknown god.
  1205 | D:2      | Reached XP level 4. HP: 36/36 MP: 4/4
  1339 | D:2      | 1339 ||| READING scroll labelled ZEEFUKL OCORPHUFIB.
  1340 | D:2      | 1340 ||| READING scroll labelled MEVEEN ZATOUZO.
  1341 | D:2      | 1341 ||| READING 2 scrolls labelled QUGUSCHISUI.
  1342 | D:2      | 1342 ||| READING scroll labelled BOMOP ODIH VUVU.
  1343 | D:2      | 1343 ||| READING 2 scrolls of identify.
  1343 | D:2      | 1343 ||| IDENTIFYING orange potion
  1344 | D:2      | 1344 ||| DROPPING scroll of amnesia.
  1345 | D:2      | 1345 ||| DROPPING potion of attraction.
  1395 | D:3      | Found a broken altar of Ashenzari.
  1514 | D:3      | Found a bloodstained altar of Trog.
  1631 | D:3      | Found a snail-covered altar of Cheibriados.
  1752 | D:3      | 1752 ||| Stepping ~*~*~tactically~*~*~ (outnumbered).
  1754 | D:3      | 1754 ||| Stepping ~*~*~tactically~*~*~ (outnumbered).
  1761 | D:3      | Reached skill level 3 in Fighting
  1761 | D:3      | Reached XP level 5. HP: 42/45 MP: 5/5
  1867 | D:3      | Found a burning altar of Makhleb.
  1927 | D:3      | Found a sacrificial altar of Ru.
  2028 | D:3      | 2028 ||| UPGRADING to amulet of guardian spirit.
  2033 | D:3      | 2033 ||| READING scroll labelled DICOTZARCHU.
  2034 | D:3      | 2034 ||| READING scroll labelled AKLIOMOCWI.
  2034 | D:3      | Identified a scroll of acquirement
  2034 | D:3      | 2034 ||| ACQUIRING +1 shortbow of draining
  2034 | D:3      | Acquired a +1 shortbow of draining
  2036 | D:3      | 2036 ||| SWAPPING to +1 shortbow of draining.
  2037 | D:3      | 2037 ||| DROPPING +2 sling of electrocution.
  2038 | D:3      | 2038 ||| READING 2 scrolls of identify.
  2038 | D:3      | 2038 ||| IDENTIFYING ruby potion
  2105 | D:4      | Found an ancient bone altar of Kikubaaqudgha.
  2221 | D:4      | 2221 ||| READING 3 scrolls labelled DALIZO DUTIMNIHUKK.
  2222 | D:4      | 2222 ||| DROPPING 2 scrolls of fear.
  2286 | D:4      | Reached skill level 6 in Ranged Weapons
  2317 | D:4      | Reached XP level 6. HP: 47/51 MP: 3/6
  2426 | D:4      | Reached skill level 4 in Fighting
  2599 | D:4      | Found an opulent altar of Gozag.
  2603 | D:4      | Found a basalt altar of Yredelemnul.
  2603 | D:4      | Found a radiant altar of Vehumet.
  2603 | D:4      | Found a shadowy altar of Dithmenos.
  2870 | D:4      | 2870 ||| READING scroll labelled FAAFO MATEDOC.
  2871 | D:4      | 2871 ||| READING 2 scrolls of identify.
  2871 | D:4      | 2871 ||| IDENTIFYING cyan potion
  2917 | D:5      | Entered Level 5 of the Dungeon
  3002 | D:5      | Reached XP level 7. HP: 58/59 MP: 7/7
  3058 | D:5      | Found a staircase to the Ecumenical Temple.
  3059 | D:5      | 3059 ||| PLANNING TEMPLE
  3059 | D:5      | 3059 ||| UPGRADING to +0 pair of gloves.
  3064 | D:5      | 3064 ||| READING scroll labelled HETODENESE.
  3068 | D:5      | 3068 ||| FLEEEEING.
  3081 | D:5      | 3081 ||| FLEEEEING.
  3082 | D:5      | 3082 ||| FLEEEEING.
  3083 | D:5      | 3083 ||| FLEEEEING.
  3084 | D:5      | 3084 ||| STAIRDANCE
  3104 | D:4      | 3104 ||| DRINKING 2 metallic clear potions.
  3105 | D:4      | 3105 ||| DRINKING potion of curing.
  3105 | D:4      | 3105 ||| (to cure confusion)
  3106 | D:4      | 3106 ||| DROPPING potion of ambrosia.
  3134 | Temple   | Entered the Ecumenical Temple
  3137 | Temple   | 3137 ||| PLANNING OKAWARU WORSHIP
  3150 | Temple   | Became a worshipper of Warmaster Okawaru
  3151 | Temple   | 3151 ||| PLANNING D:1-11
  3151 | Temple   | 3151 ||| REMOVING amulet of guardian spirit.
  3156 | Temple   | 3156 ||| DROPPING amulet of guardian spirit.
  3201 | D:5      | Reached skill level 5 in Fighting
  3235 | D:5      | Found a shimmering blue altar of Sif Muna.
  3391 | D:5      | 3391 ||| Stepping ~*~*~tactically~*~*~ (outnumbered).
  3395 | D:5      | 3395 ||| Stepping ~*~*~tactically~*~*~ (outnumbered).
  3397 | D:5      | 3397 ||| Stepping ~*~*~tactically~*~*~ (outnumbered).
  3399 | D:5      | 3399 ||| Stepping ~*~*~tactically~*~*~ (outnumbered).
  3401 | D:5      | 3401 ||| Stepping ~*~*~tactically~*~*~ (outnumbered).
  3409 | D:5      | Reached XP level 8. HP: 32/68 MP: 8/8
  3683 | D:5      | Reached skill level 9 in Ranged Weapons
  3718 | D:5      | Found a glowing silver altar of Zin.
  3798 | D:5      | Noticed Pikel
  3812 | D:5      | Killed Pikel
  3812 | D:5      | Reached * piety under Okawaru
  4086 | D:5      | 4086 ||| READING scroll labelled URY DAFAEMOAM.
  4087 | D:5      | 4087 ||| READING scroll labelled JUCZAT KOQOZ.
  4118 | D:6      | 4118 ||| INVOKING Heroism.
  4127 | D:6      | Reached skill level 1 in Invocations
  4131 | D:6      | 4131 ||| FLEEEEING.
  4132 | D:6      | 4132 ||| FLEEEEING.
  4133 | D:6      | 4133 ||| FLEEEEING.
  4134 | D:6      | 4134 ||| INVOKING Heroism.
  4145 | D:6      | Reached skill level 6 in Fighting
  4170 | D:6      | 4170 ||| INVOKING Heroism.
  4233 | D:6      | 4233 ||| INVOKING Heroism.
  4284 | D:6      | 4284 ||| INVOKING Heroism.
  4338 | D:6      | Reached skill level 3 in Invocations
  4338 | D:6      | Reached XP level 9. HP: 75/75 MP: 10/10
  4343 | D:6      | 4343 ||| READING scroll of brand weapon.
  4343 | D:6      | 4343 ||| BRANDING +1 shortbow of draining.
  4474 | D:6      | 4474 ||| INVOKING Heroism.
  4542 | D:6      | Noticed Menkaure
  4543 | D:6      | 4543 ||| INVOKING Heroism.
  4545 | D:6      | Killed Menkaure
  4606 | D:6      | Found a blossoming altar of Fedhas.
  4614 | D:6      | 4614 ||| UPGRADING to +0 pair of boots.
  4619 | D:6      | 4619 ||| UPGRADING to +2 robe of positive energy.
  4629 | D:6      | 4629 ||| DROPPING +0 ring mail.
  4630 | D:6      | 4630 ||| DRINKING 3 viscous amethyst potions.
  4631 | D:6      | 4631 ||| READING 3 scrolls of identify.
  4631 | D:6      | 4631 ||| IDENTIFYING viscous black potion
  4632 | D:6      | 4632 ||| READING 2 scrolls of identify.
  4632 | D:6      | 4632 ||| IDENTIFYING emerald potion
  4651 | D:7      | 4651 ||| INVOKING Heroism.
  4681 | D:7      | 4681 ||| STAIRDANCE
  4851 | D:7      | Reached skill level 7 in Fighting
  4960 | D:7      | 4960 ||| Stepping ~*~*~tactically~*~*~ (outnumbered).
  4962 | D:7      | 4962 ||| Stepping ~*~*~tactically~*~*~ (outnumbered).
  4964 | D:7      | 4964 ||| Stepping ~*~*~tactically~*~*~ (outnumbered).
  4967 | D:7      | 4967 ||| Stepping ~*~*~tactically~*~*~ (outnumbered).
  5173 | D:7      | 5173 ||| FLEEEEING.
  5174 | D:7      | 5174 ||| FLEEEEING.
  5175 | D:7      | 5175 ||| FLEEEEING.
  5176 | D:7      | 5176 ||| FLEEEEING.
  5177 | D:7      | 5177 ||| FLEEEEING.
  5178 | D:7      | 5178 ||| FLEEEEING.
  5179 | D:7      | 5179 ||| FLEEEEING.
  5180 | D:7      | 5180 ||| FLEEEEING.
  5181 | D:7      | 5181 ||| FLEEEEING.
  5182 | D:7      | 5182 ||| FLEEEEING.
  5183 | D:7      | 5183 ||| FLEEEEING.
  5191 | D:7      | 5191 ||| FLEEEEING.
  5193 | D:7      | Reached ** piety under Okawaru
  5508 | D:7      | 5508 ||| READING 2 scrolls of identify.
  5508 | D:7      | 5508 ||| IDENTIFYING fizzy green potion
  5509 | D:7      | 5509 ||| DROPPING potion of invisibility.
  5529 | D:8      | 5529 ||| INVOKING Heroism.
  5546 | D:8      | Reached skill level 12 in Ranged Weapons
  5642 | D:8      | 5642 ||| INVOKING Heroism.
  5755 | D:8      | 5755 ||| Stepping ~*~*~tactically~*~*~ (outnumbered).
  5764 | D:8      | 5764 ||| Stepping ~*~*~tactically~*~*~ (outnumbered).
  5765 | D:8      | 5765 ||| Stepping ~*~*~tactically~*~*~ (outnumbered).
  5769 | D:8      | 5769 ||| Stepping ~*~*~tactically~*~*~ (outnumbered).
  5772 | D:8      | 5772 ||| INVOKING Heroism.
  5837 | D:8      | Found a glowing golden altar of the Shining One.
  5876 | D:8      | Reached XP level 10. HP: 88/88 MP: 12/12
  6006 | D:8      | 6006 ||| Stepping ~*~*~tactically~*~*~ (outnumbered).
  6008 | D:8      | 6008 ||| Stepping ~*~*~tactically~*~*~ (outnumbered).
  6013 | D:8      | Reached skill level 8 in Fighting
  6023 | D:8      | Reached skill level 6 in Dodging
  6277 | D:8      | 6277 ||| INVOKING Heroism.
  6300 | D:8      | HP: 22/88 [water moccasin (1)]
  6301 | D:8      | 6301 ||| READING 3 scrolls of teleportation.
  6303 | D:8      | HP: 10/88 [poisoned by a water moccasin]
  6305 | D:8      | HP: 4/88 [water moccasin (3)]
  6307 | D:8      | 6307 ||| INVOKING Heroism.
  6308 | D:8      | 6308 ||| DRINKING 3 potions of curing.
  6308 | D:8      | 6308 ||| (to cure poison)
  6439 | D:8      | 6439 ||| FLEEEEING.
  6440 | D:8      | 6440 ||| FLEEEEING.
  6441 | D:8      | 6441 ||| FLEEEEING.
  6442 | D:8      | 6442 ||| FLEEEEING.
  6443 | D:8      | 6443 ||| FLEEEEING.
  6444 | D:8      | 6444 ||| FLEEEEING.
  6445 | D:8      | 6445 ||| FLEEEEING.
  6446 | D:8      | 6446 ||| FLEEEEING.
  6447 | D:8      | 6447 ||| FLEEEEING.
  6448 | D:8      | 6448 ||| FLEEEEING.
  6449 | D:8      | 6449 ||| INVOKING Heroism.
  6690 | D:8      | 6690 ||| INVOKING Heroism.
  6722 | D:8      | 6722 ||| UPGRADING to +0 cloak.
  6727 | D:8      | 6727 ||| UPGRADING to +0 steam dragon scales.
  6737 | D:8      | 6737 ||| DROPPING +2 robe of positive energy.
  6738 | D:8      | 6738 ||| UPGRADING to ring of positive energy.
  6739 | D:8      | 6739 ||| READING scroll labelled BOIMINILIC.
  6778 | D:9      | 6778 ||| INVOKING Heroism.
  6781 | D:9      | Reached skill level 3 in Armour
  6805 | D:9      | 6805 ||| FLEEEEING.
  6806 | D:9      | 6806 ||| FLEEEEING.
  6807 | D:9      | 6807 ||| FLEEEEING.
  6808 | D:9      | 6808 ||| STAIRDANCE
  6809 | D:9      | Reached skill level 9 in Fighting
  6929 | D:9      | 6929 ||| STAIRDANCE
  6971 | D:9      | Noticed a two-headed ogre
  6972 | D:9      | 6972 ||| INVOKING Heroism.
  6984 | D:9      | Killed a two-headed ogre
  6984 | D:9      | Reached *** piety under Okawaru
  7023 | D:9      | 7023 ||| FLEEEEING.
  7024 | D:9      | 7024 ||| FLEEEEING.
  7029 | D:9      | 7029 ||| STAIRDANCE
  7273 | D:9      | Found a staircase to the Lair.
  7353 | D:9      | Found a runed translucent door.
  7354 | D:9      | Noticed qw's ghost (novice GrHs)
  7371 | D:9      | Noticed a two-headed ogre
  7372 | D:9      | 7372 ||| INVOKING Heroism.
  7748 | D:9      | 7748 ||| INVOKING Heroism.
  7752 | D:9      | Killed a two-headed ogre
  7752 | D:9      | Reached **** piety under Okawaru
  7753 | D:9      | Reached XP level 11. HP: 97/97 MP: 10/13
  7793 | D:9      | 7793 ||| PLANNING LAIR
  7793 | D:9      | 7793 ||| DRINKING 2 bubbling coppery potions.
  7793 | D:9      | Gained mutation: You are agile. (Dex +4, Str/Int -1)
                  | [potion of mutation]
  7793 | D:9      | Gained mutation: Your muscles are strong. (Str +4, Int/Dex
                  | -1) [potion of mutation]
  7793 | D:9      | Gained mutation: You have sharp toenails. [potion of
                  | mutation]
  7794 | D:9      | 7794 ||| DRINKING 2 smoky white potions.
  7825 | Lair:1   | Entered Level 1 of the Lair of Beasts
  7827 | Lair:1   | 7827 ||| INVOKING Heroism.
  7960 | Lair:1   | 7960 ||| INVOKING Heroism.
  7997 | Lair:1   | 7997 ||| INVOKING Heroism.
  8083 | Lair:1   | 8083 ||| INVOKING Heroism.
  8226 | Lair:1   | 8226 ||| READING scroll of enchant weapon.
  8226 | Lair:1   | 8226 ||| ENCHANTING +1 shortbow of electrocution.
  8291 | Lair:1   | 8291 ||| INVOKING Heroism.
  8522 | Lair:1   | 8522 ||| INVOKING Heroism.
  8660 | Lair:1   | Reached skill level 10 in Fighting
  8755 | Lair:1   | Noticed Harold
  8756 | Lair:1   | 8756 ||| INVOKING Heroism.
  8772 | Lair:1   | Killed Harold
  9163 | Lair:1   | 9163 ||| DROPPING scarf of shadows.
  9164 | Lair:1   | 9164 ||| DRINKING 2 sapphire potions.
  9198 | Lair:1   | 9198 ||| DRINKING 2 fuming sapphire potions.
  9199 | Lair:1   | 9199 ||| DROPPING potion of lignification.
  9200 | Lair:1   | 9200 ||| DROPPING potion of degeneration.
  9333 | Lair:2   | Found a hole to the Spider Nest.
  9365 | Lair:2   | 9365 ||| INVOKING Heroism.
  9392 | Lair:2   | 9392 ||| INVOKING Heroism.
  9554 | Lair:2   | Reached skill level 9 in Dodging
  9565 | Lair:2   | Reached skill level 11 in Fighting
  9964 | Lair:2   | 9964 ||| READING scroll labelled CEREARCH URIU.
  9965 | Lair:2   | 9965 ||| DRINKING 2 purple potions.
  9986 | Lair:3   | 9986 ||| INVOKING Heroism.
 10000 | Lair:3   | Reached skill level 6 in Invocations
 10011 | Lair:3   | Noticed a four-headed hydra
 10017 | Lair:3   | 10017 ||| INVOKING Heroism.
 10019 | Lair:3   | Killed a four-headed hydra
 10024 | Lair:3   | Reached skill level 6 in Armour
 10058 | Lair:3   | Found a staircase to the Shoals.
 10136 | Lair:3   | 10136 ||| FLEEEEING.
 10137 | Lair:3   | 10137 ||| FLEEEEING.
 10138 | Lair:3   | 10138 ||| FLEEEEING.
 10154 | Lair:3   | Reached XP level 12. HP: 110/110 MP: 16/16
 10241 | Lair:3   | Reached ***** piety under Okawaru
 10266 | Lair:3   | 10266 ||| INVOKING Heroism.
 10535 | Lair:3   | 10535 ||| INVOKING Heroism.
 10579 | Lair:3   | 10579 ||| INVOKING Heroism.
 10600 | Lair:3   | 10600 ||| FLEEEEING.
 10601 | Lair:3   | 10601 ||| FLEEEEING.
 10602 | Lair:3   | 10602 ||| FLEEEEING.
 10603 | Lair:3   | 10603 ||| FLEEEEING.
 10604 | Lair:3   | 10604 ||| FLEEEEING.
 10605 | Lair:3   | 10605 ||| FLEEEEING.
 10606 | Lair:3   | 10606 ||| FLEEEEING.
 10607 | Lair:3   | 10607 ||| FLEEEEING.
 10608 | Lair:3   | 10608 ||| STAIRDANCE
 10851 | Lair:3   | Noticed a four-headed hydra
 10852 | Lair:3   | 10852 ||| INVOKING Heroism.
 10870 | Lair:3   | Killed a four-headed hydra
 11227 | Lair:3   | 11227 ||| INVOKING Heroism.
 11382 | Lair:3   | 11382 ||| INVOKING Heroism.
 11821 | Lair:4   | Reached skill level 12 in Fighting
 11824 | Lair:4   | 11824 ||| INVOKING Heroism.
 12026 | Lair:4   | 12026 ||| INVOKING Heroism.
 12072 | Lair:4   | Reached skill level 9 in Invocations
 12084 | Lair:4   | 12084 ||| INVOKING Heroism.
 12084 | Lair:4   | Noticed a catoblepas
 12085 | Lair:4   | 12085 ||| INVOKING Finesse.
 12094 | Lair:4   | Killed a catoblepas
 12157 | Lair:4   | Noticed Sonja
 12158 | Lair:4   | 12158 ||| INVOKING Finesse.
 12168 | Lair:4   | 12168 ||| INVOKING Heroism.
 12173 | Lair:4   | Killed Sonja
 12357 | Lair:4   | 12357 ||| INVOKING Heroism.
 12400 | Lair:4   | 12400 ||| INVOKING Heroism.
 12426 | Lair:4   | 12426 ||| INVOKING Heroism.
 12560 | Lair:4   | 12560 ||| INVOKING Heroism.
 12583 | Lair:4   | 12583 ||| READING scroll of enchant armour.
 12583 | Lair:4   | 12583 ||| ENCHANTING +0 steam dragon scales.
 12769 | Lair:4   | 12769 ||| INVOKING Heroism.
 13064 | Lair:5   | Entered Level 5 of the Lair of Beasts
 13078 | Lair:5   | Reached skill level 13 in Fighting
 13098 | Lair:5   | Paralysed by a hornet for 3 turns
 13102 | Lair:5   | 13102 ||| INVOKING Heroism.
 13103 | Lair:5   | HP: 28/115 [poisoned by a hornet]
 13104 | Lair:5   | Reached XP level 13. HP: 30/122 MP: 16/19
 13104 | Lair:5   | 13104 ||| READING 4 scrolls of teleportation.
 13105 | Lair:5   | 13105 ||| DRINKING 2 potions of heal wounds.
 13113 | Lair:5   | HP: 28/122 [elephant (7)]
 13114 | Lair:5   | 13114 ||| READING 3 scrolls of teleportation.
 13115 | Lair:5   | 13115 ||| DRINKING potion of heal wounds.
 13140 | Lair:5   | 13140 ||| INVOKING Heroism.
 13399 | Lair:5   | 13399 ||| INVOKING Heroism.
 13468 | Lair:5   | 13468 ||| INVOKING Heroism.
 13716 | Lair:5   | Found a runed translucent door.
 13717 | Lair:5   | Found a viscous altar of Jiyva.
 13718 | Lair:5   | Noticed an acid blob
 13729 | Lair:5   | Found a staircase to the Slime Pits.
 13743 | Lair:5   | Reached skill level 14 in Fighting
 13833 | Lair:5   | 13833 ||| INVOKING Heroism.
 14043 | Lair:5   | Reached skill level 12 in Dodging
 14182 | Lair:5   | 14182 ||| INVOKING Heroism.
 14491 | Lair:5   | 14491 ||| INVOKING Heroism.
 14498 | Lair:5   | HP: 20/125 [cane toad (17)]
 14499 | Lair:5   | 14499 ||| READING 3 scrolls of teleportation.
 14500 | Lair:5   | 14500 ||| DRINKING potion of heal wounds.
 14503 | Lair:5   | HP: 9/125 [poisoned by a cane toad]
 14506 | Lair:5   | HP: 4/125 [poisoned by a cane toad]
 14593 | Lair:5   | 14593 ||| INVOKING Heroism.
 14646 | Lair:5   | 14646 ||| FLEEEEING.
 14651 | Lair:5   | 14651 ||| STAIRDANCE
 14791 | Lair:4   | 14791 ||| READING scroll labelled GEUNAM OTATACS.
 14814 | Lair:5   | 14814 ||| INVOKING Heroism.
 14877 | Lair:5   | 14877 ||| INVOKING Heroism.
 14878 | Lair:5   | 14878 ||| INVOKING Finesse.
 14912 | Lair:5   | Reached skill level 15 in Fighting
 14999 | Lair:5   | 14999 ||| Stepping ~*~*~tactically~*~*~ (water).
 15002 | Lair:5   | 15002 ||| INVOKING Heroism.
 15020 | Lair:5   | 15020 ||| DRINKING potion of resistance.
 15021 | Lair:5   | 15021 ||| Stepping ~*~*~tactically~*~*~ (water).
 15041 | Lair:5   | Identified the amulet of Moodiness {Spirit rCorr}
 15095 | Lair:5   | Noticed a fire dragon
 15096 | Lair:5   | 15096 ||| INVOKING Heroism.
 15107 | Lair:5   | 15107 ||| Stepping ~*~*~tactically~*~*~ (cloud).
 15109 | Lair:5   | Killed a fire dragon
 15110 | Lair:5   | Reached skill level 9 in Armour
 15114 | Lair:5   | HP: 24/126 [poisoned by a swamp dragon (poison gas)]
 15115 | Lair:5   | 15115 ||| READING 3 scrolls of teleportation.
 15115 | Lair:5   | HP: 8/126 [poisoned by a swamp dragon (poison gas)]
 15116 | Lair:5   | Succumbed to a swamp dragon's poison gas

Levels and vault maps discovered:
D:1:      scummos_arrival_checkerplants, layout_basic, minmay_tetromino_s2
D:2:      layout_basic, basic_ecumenical_altar
D:3:      layout_basic, lemuel_crystal_altar, trog_butcher_becter,
          mainiacjoe_overflow_24_doors, nicolae_ru_path_of_blood,
          general_overflow_altar, st_stairs_3, chequers_serial_rivers_large_a
D:4:      layout_loops_ring, kiku_gazebo_garden_becter, minitemple,
          grunt_tough_drop
D:5:      layout_basic, lemuel_doored_altar, zin_treasury, temple_statues,
          chequers_serial_rivers_small_b, kennysheep_generic_room_5, uniq_pikel
D:6:      layout_rooms, mainiacjoe_overflow_alcove_2, uniq_menkaure
D:7:      layout_loops_ring
D:8:      layout_gridville, nicolae_tso_besieged_by_evil, kennysheep_kite_vault
D:9:      layout_irregular_city, minmay_lair_entry_grove, gammafunk_ghost_grave,
          solitary_fountain, nicolae_nh_ransacked_shop
Temple:   hellmonk_temple_rainy
Lair:1:   layout_cave_shapes, chequers_serial_rivers_room_a,
          nicolae_quartered_pool_super, minmay_hedge_maze, wad_woods_river_01,
          uniq_harold
Lair:2:   layout_hall_layers, spider_nest_entry_webs
Lair:3:   layout_loops_ring, minmay_shoals_entry_lonely_mermaid,
          serial_bayou_shore_b, serial_bayou_shore_b, infiniplex_staircase_pool,
          serial_bayou_shore_a, serial_bayou_shore_b
Lair:4:   layout_roguey, minivault_27, grunt_megastairs_4, uniq_sonja
Lair:5:   hangedman_lair_tendril_chambers, layout_long_grid,
          guppyfry_lair_end_dragon, slime_entry_2,
          chequers_serial_rivers_room_a, serial_bayou_shore_b

Skill      XL: |  1  2  3  4  5  6  7  8  9 10 11 12 13 |
---------------+----------------------------------------+-----
Ranged Weapons | 3 4 5 6 7 8 9 12 14 | 14.0
Fighting       | 2 3 4 5 6 7 9 11 13 15 | 15.0
Armour         | 1 2 4 6 7 9 |  9.0
Dodging        | 5 7 9 10 12 | 12.0
Invocations    | 3 4 6 10 | 10.0
Spellcasting   | |  1.0
Hexes          | |  2.0

Action                     |  1- 3 |  4- 6 |  7- 9 | 10-12 | 13-15 || total
---------------------------+-------+-------+-------+-------+-------++-------
   Fire: Sling             |   136 |   107 |       |       |       ||   243
         Shortbow          |       |    80 |   304 |   847 |   389 ||  1620
 Invoke: Heroism           |       |       |    11 |    35 |    11 ||    57
         Finesse           |       |       |       |     2 |     1 ||     3
    Use: Scroll            |     2 |    11 |     7 |     5 |     5 ||    30
         Potion            |       |       |     3 |     6 |     4 ||    13
 Armour: Robe              |     4 |       |    10 |    12 |       ||    26
         Ring mail         |    15 |    30 |    20 |       |       ||    65
         Steam dragon scal |       |       |       |    79 |    60 ||   139
  Dodge: Dodged            |    51 |    67 |    49 |   391 |   230 ||   788

Table legend:
 A = Non-vault XP
 B = Vault XP
 C = Vault XP percentage of total XP
 D = Non-vault monster count
 E = Vault monster count
 F = Vault count percentage of total count
                 A         B        C        D         E       F
            +---------+---------+-------+---------+---------+-------
      Total |   39887 |   19289 |  32.6 |     323 |     123 |  27.6
            +---------+---------+-------+---------+---------+-------
        D:1 |      35 |       4 |  10.3 |      18 |       2 |  10.0
        D:2 |      80 |       0 |   0.0 |      20 |       0 |   0.0
        D:3 |     128 |      25 |  16.3 |      25 |       7 |  21.9
        D:4 |     371 |      20 |   5.1 |      16 |       4 |  20.0
        D:5 |     763 |     754 |  49.7 |      15 |       4 |  21.1
        D:6 |     846 |     172 |  16.9 |      12 |       1 |   7.7
        D:7 |    1656 |       0 |   0.0 |      32 |       0 |   0.0
        D:8 |    1391 |    1375 |  49.7 |      40 |      28 |  41.2
        D:9 |    1948 |    1822 |  48.3 |      12 |      19 |  61.3
     Lair:1 |    3250 |    1459 |  31.0 |      20 |       6 |  23.1
     Lair:2 |    2940 |     362 |  11.0 |      14 |       2 |  12.5
     Lair:3 |    8180 |     474 |   5.5 |      33 |       1 |   2.9
     Lair:4 |    6556 |    2460 |  27.3 |      33 |       5 |  13.2
     Lair:5 |   11743 |   10362 |  46.9 |      33 |      44 |  57.1
            +---------+---------+-------+---------+---------+-------
